Map: Battle on the Boardwalk LE

Players

Solar - Winner!

  • Race: Zerg Zerg
  • Spawn Location: 11:00

LiquidSnute (Snute)

  • Race: Zerg Zerg
  • League: Master
  • Spawn Location: 1:00

Event: HomeStory Cup XVI

VOD

Have the link to the VOD?

Description

Time

  • Played on: Nov. 12, 2017, 1:38 p.m.
  • Length: 8:08

All games in this series

Show
View Real Time Build Order
Export as new Build Order

Solar Zerg - Winner!

Build Orders: Hatch First 

Get SALT Encoding   

  12  0:01  Drone  
  13  0:12  Overlord  
  13  0:17  Drone  
  14  0:30  Drone x2  
  14  0:34  Drone  
  17  0:51  Hatchery  
  17  0:54  Drone  
  17  0:56  Drone  
  18  0:59  Extractor  
  17  1:12  Spawning Pool  
  17  1:15  Drone  
  17  1:18  Drone  
  18  1:28  Drone  
  19  1:39  Drone  
  20  1:49  Overlord  
  20  1:59  Queen  
  22  2:02  Queen  
  22  2:03  Zergling x4  
  22  2:08  Metabolic Boost  
  26  2:11  Drone  
  26  2:13  Drone  
  28  2:20  Baneling Nest  
  27  2:23  Drone  
  27  2:26  Zergling x2  
  29  2:33  Drone  
  29  2:35  Drone  
  33  2:46  Overlord  
  33  2:49  Zergling x2  
  32  2:53  Zergling x2  
  32  2:57  Zergling x2  
  34  3:04  Baneling x2  
  34  3:05  Zergling x2  
  35  3:07  Zergling x6  
  35  3:11  Drone x2  
  35  3:12  Drone x2  
  42  3:17  Overlord  
  42  3:21  Drone  
  42  3:26  Baneling x2  
  43  3:28  Drone  
  43  3:33  Overlord  
  44  3:38  Drone  
  41  3:43  Zergling x2  
  41  3:46  Drone  
  42  3:48  Zergling x2  
  44  3:55  Drone  
  44  3:56  Zergling x2  
  44  3:58  Zergling x6  
  44  4:01  Drone  
  44  4:02  Hatchery  
  47  4:06  Drone  
  47  4:07  Extractor, Roach Warren  
  46  4:10  Baneling x3  
  46  4:13  Drone  
  47  4:19  Drone  
  47  4:21  Drone x2  
  47  4:23  Drone x2  
  52  4:25  Queen  
  52  4:29  Overlord  
  53  4:36  Lair  
  52  4:40  Drone  
  52  4:41  Evolution Chamber  
  52  4:42  Extractor, Drone  
  52  4:44  Drone  
  53  4:46  Drone  
  53  4:47  Drone  
  53  4:51  Drone x2  
  57  4:53  Drone  
  57  4:57  Overlord  
  58  5:00  Overlord  
  58  5:07  Zerg Missile Weapons Level 1, Drone  
  58  5:08  Drone  
  58  5:09  Extractor  
  58  5:12  Drone x3  
  61  5:15  Drone  
  61  5:18  Drone  
  61  5:20  Drone  
  64  5:25  Drone x2  
  64  5:26  Overlord, Drone  
  67  5:32  Roach, Glial Reconstitution  
  67  5:34  Overseer  
  69  5:36  Roach x2  
  69  5:39  Roach  
  69  5:40  Roach  
  77  5:46  Roach x2  
  77  5:47  Overlord  
  77  5:49  Roach  
  83  5:54  Roach x3  
  89  5:57  Overlord  
  89  5:59  Overlord  
  89  6:02  Overlord  
  89  6:07  Roach  
  89  6:08  Roach x2  
  95  6:13  Overlord  
  95  6:17  Roach x3  
  101  6:18  Roach  
  101  6:20  Roach  
  101  6:21  Roach  
  101  6:23  Roach  
  108  6:27  Roach x2  
  108  6:29  Roach  
  108  6:30  Roach  
  108  6:32  Ravager  
  114  6:36  Roach x2  
  118  6:42  Roach x3  
  118  6:44  Overlord  
  118  6:45  Overlord  
  124  6:49  Roach, Overlord  
  124  6:53  Roach  
  128  6:56  Roach x2  
  128  6:57  Roach  
  128  7:00  Overlord  
  134  7:01  Roach  
  134  7:04  Ravager  
  137  7:08  Extractor  
  137  7:09  Roach  
  138  7:16  Ravager  
  138  7:17  Drone  
  138  7:20  Roach x3  
  138  7:21  Overlord  
  144  7:25  Roach x2  
  144  7:26  Roach  
  144  7:28  Roach  
  140  7:31  Roach  
  140  7:34  Roach  
  140  7:35  Roach  
  130  7:37  Roach  
  130  7:40  Roach  
  130  7:42  Roach  
  130  7:46  Roach  
  130  7:47  Roach  
  130  7:49  Drone x3  
  138  7:51  Drone  
  138  7:52  Drone  
Show
View Real Time Build Order
Export as new Build Order

LiquidSnute Zerg 

Build Orders: Pool First 

Get SALT Encoding   

  12  0:00  Drone  
  13  0:12  Overlord  
  13  0:16  Drone  
  14  0:30  Drone x2  
  14  0:34  Drone  
  17  0:45  Spawning Pool  
  17  0:47  Drone  
  17  1:07  Hatchery  
  17  1:11  Drone  
  17  1:15  Drone  
  17  1:18  Extractor, Drone  
  18  1:30  Drone  
  18  1:32  Queen  
  21  1:38  Overlord  
  21  1:49  Drone  
  22  1:59  Drone  
  23  2:07  Queen  
  25  2:11  Drone  
  26  2:19  Metabolic Boost  
  26  2:20  Drone  
  26  2:22  Drone  
  28  2:25  Queen  
  30  2:30  Drone  
  30  2:32  Drone  
  32  2:39  Baneling Nest  
  32  2:40  Drone x2  
  33  2:46  Overlord  
  33  2:49  Zergling x2  
  33  2:51  Zergling x2  
  35  2:55  Drone  
  36  2:58  Overlord  
  36  3:06  Zergling x4  
  36  3:12  Zergling x6  
  41  3:16  Drone x3  
  44  3:22  Baneling x2  
  44  3:23  Baneling  
  44  3:24  Drone x2  
  44  3:26  Drone  
  47  3:32  Baneling x2  
  47  3:36  Drone  
  47  3:37  Drone  
  47  3:40  Drone  
  47  3:48  Drone  
  45  3:51  Drone  
  46  3:58  Overlord  
  46  3:59  Drone x2  
  46  4:01  Extractor, Drone  
  46  4:02  Lair  
  48  4:04  Drone  
  49  4:11  Drone  
  49  4:13  Hatchery  
  49  4:15  Drone  
  50  4:19  Extractor  
  50  4:22  Evolution Chamber, Drone  
  50  4:24  Roach Warren  
  47  4:31  Drone x3  
  47  4:32  Drone  
  47  4:33  Drone  
  47  4:37  Queen  
  54  4:39  Overlord  
  54  4:44  Drone  
  55  4:49  Zerg Missile Weapons Level 1  
  55  4:50  Drone  
  56  4:56  Drone x3  
  56  4:57  Drone  
  57  5:02  Extractor  
  57  5:04  Roach  
  57  5:05  Glial Reconstitution  
  58  5:09  Infestation Pit  
  58  5:11  Drone  
  58  5:12  Drone  
  59  5:16  Drone  
  60  5:23  Overlord  
  60  5:27  Queen  
  62  5:29  Roach, Drone  
  62  5:33  Roach x3  
  71  5:36  Drone  
  71  5:37  Drone  
  71  5:39  Extractor, Drone  
  73  5:46  Infestor  
  73  5:48  Infestor  
  76  5:53  Drone  
  76  5:55  Unknown  
  77  5:57  Roach x2  
  77  6:01  Overlord x3  
  77  6:04  Spine Crawler  
  80  6:06  Overlord  
  80  6:15  Overlord  
  80  6:20  Roach  
  80  6:21  Roach x4  
  80  6:22  Roach x3  
  94  6:33  Roach x2  
  94  6:34  Roach  
  94  6:37  Roach  
  94  6:38  Roach x2  
  106  6:40  Queen  
  106  6:44  Roach x2  
  112  6:48  Drone  
  112  6:51  Burrow, Unknown  
  113  6:54  Drone x2  
  113  6:56  Extractor  
  113  7:00  Drone  
  115  7:04  Drone  
  115  7:05  Drone  
  115  7:08  Roach x2, Hatchery  
  121  7:09  Roach  
  122  7:29  Roach x2  
  118  7:30  Roach x7  
  118  7:36  Roach x5  
  114  7:41  Roach x2  
  102  7:44  Roach x2  
Tags
 
Add a new tag
Caveats
  • Supply blocks, unpowered buildings, or Contaminate may cause inaccurate times.
  • Supply counts are checked every 10 seconds.